 Dungeon Crawl Stone Soup version 0.21-a0-531-gacddea6 (webtiles) character file.

65 Gildeon the Poker (level 3, 0/30 HPs)
             Began as a Demigod Fighter on Dec 13, 2017.
             Succumbed to a gnoll's poison
             ... on level 2 of the Dungeon.
             The game lasted 00:04:06 (1838 turns).

Gildeon the Poker (Demigod Fighter)                 Turns: 1838, Time: 00:04:07

Health: 0/30       AC:  6    Str: 21    XL:     3   Next: 66%
Magic:  5/5        EV:  9    Int: 12    God:
Gold:   127        SH:  0    Dex: 15    Spells: 2/2 levels left

rFire    + . .     SeeInvis .   a - +1 trident
rCold    x . .     Gourm    .   (no shield)
rNeg     . . .     Faith    .   b - +0 scale mail
rPois    .         Spirit   .   (no helmet)
rElec    .         Reflect  .   (no cloak)
rCorr    .         Harm     .   (no gloves)
MR       .....                  (no boots)
Stlth    ..........             (no amulet)
HPRegen  0.10/turn              j - ring of fire
MPRegen  0.09/turn              (no ring)

@: lethally poisoned (0 -> -38)
A: high mp 1
a: no special abilities


You were on level 2 of the Dungeon.
You were not hungry.

You visited 1 branch of the dungeon, and saw 2 of its levels.

You collected 127 gold pieces.

Inventory:

Hand Weapons
 a - a +1 trident (weapon)
Missiles
 g - 2 tomahawks (quivered)
 h - 33 arrows
Armour
 b - a +0 scale mail (worn)
Jewellery
 j - a ring of fire (left hand)
Scrolls
 i - 2 scrolls of fog
Potions
 d - a potion of might
 e - 2 potions of invisibility
 l - a potion of cancellation {unknown}
Comestibles
 k - 4 fruits


   Skills:
 - Level 2.6 Fighting
 + Level 3.9 Polearms
 - Level 2.6 Armour
   Level 2.6 Shields


You had 2 spell levels left.
You didn't know any spells.

Dungeon Overview and Level Annotations

Branches:
Dungeon (2/15)


Innate Abilities, Weirdness & Mutations

You have an increased reservoir of magic. (+10% MP)


Message History

The gnoll hits you with a spear of venom.
You are lethally poisoned!
You hit the gnoll.
The gnoll is moderately wounded.
You feel sick.
The gnoll hits you with a spear of venom.
You are more poisoned.
You hit the gnoll.
The gnoll is severely wounded.
You feel very sick.
The gnoll hits you with a spear of venom.
* * * LOW HITPOINT WARNING * * *
You are more poisoned.
You puncture the gnoll!
You kill the gnoll!
* * * LOW HITPOINT WARNING * * *
You feel very sick.
You hit the worm.
The worm is moderately wounded.
You die...

###..### #.#.#
#.###.##.... .....###
#.#.# #.........##
.......## #.#.#
#####.##.## ##.###..#
#.#.# #.##.# ##.# ##.#
#.#.# #.##.### ##.# #.#
#.#.# #.##.#..
##.####'### #>#.#
#.##.... ...##≈≈.≈≈##
#.# #...##.#
##.#≈≈≈.≈≈≈### #@#
###.##.# ...#≈≈...≈≈#.#
#w# #.##.#
####≈≈._.≈≈#.# #.#
#.##.# #≈≈...≈≈#.# #(#
...... #≈≈≈≈≈≈≈#.# #.#
#.##>#
#####≈≈≈≈≈##.###(....g.#
#.##.#
....########.<######....
..# # .###.######.....#
w# .....(....#.#####


You could see a worm.

Vanquished Creatures
  A gnoll (D:2)
  2 adders (D:2)
  2 worms (D:2)
  3 dart slugs (D:1)
  A leopard gecko (D:2)
  A giant cockroach (D:1)
  A goblin (D:1)
  3 hobgoblins
  5 bats
  2 frilled lizards (D:1)
  A kobold (D:1)
  8 rats
30 creatures vanquished.

Notes
Turn   | Place    | Note
-------+----------+-------------------------------------------
     0 | D:1      | Gildeon the Demigod Fighter began the quest for the Orb.
     0 | D:1      | Reached XP level 1. HP: 18/18 MP: 3/3
    20 | D:1      | Reached skill level 2 in Polearms
   235 | D:1      | Reached XP level 2. HP: 20/25 MP: 4/4
  1026 | D:2      | Reached skill level 3 in Polearms
  1236 | D:2      | Found an ancient bone altar of Kikubaaqudgha.
  1285 | D:2      | Reached XP level 3. HP: 24/30 MP: 5/5
  1439 | D:2      | Found a deep blue altar of Sif Muna.
  1838 | D:2      | Succumbed to a gnoll's poison

Vault maps used:
D:1:      dpeg_arrival_boxorama, serial_glass, glass_columns_a, glass_columns_c
D:2:      led_sif_pool, grunt_temple_overflow_open, eino_tiny_chamber,
          kennysheep_generic_room_7

Skill      XL: |  1  2 |
---------------+-------+-----
Polearms       | 2 3 |  3.9
Fighting       | |  2.6
Armour         | |  2.6
Shields        | |  2.6

Action                   || total
-------------------------++-------
Melee: Trident           ||    99
Throw: Tomahawk          ||     4
  Use: Scroll            ||     6
  Eat: Chunk             ||     2
       Bread ration      ||     1
Armor: Scale mail        ||    46
Dodge: Dodged            ||    52

Table legend:
 A = Spawn XP
 B = Non-spawn XP
 C = Spawn XP percentage of total XP
 D = Spawn monster count
 E = Non-spawn monster count
 F = Spawn count percentage of total count
 G = Total turns spent on level
                    A         B        C        D         E        F      G
               +---------+---------+-------+---------+---------+-------+---------
         Total |       0 |      93 |   0.0 |       0 |      30 |   0.0 |  1838
               +---------+---------+-------+---------+---------+-------+---------
           D:1 |       0 |      29 |   0.0 |       0 |      17 |   0.0 |  1016
           D:2 |       0 |      64 |   0.0 |       0 |      13 |   0.0 |   822
               +---------+---------+-------+---------+---------+-------+---------
